AoeStats
← EarthquakE

Arena

509734692Analyzed
4v4 RM · 6d ago on Sep 27, 2026· 53m 16s· 8 players
Game mode
Random Map
Map size
Large (8 player)
Population
200
Speed
Normal
Resources
Standard
Victory
Conquest
Starting age
Dark Age
Ending age
Imperial Age
RankedLock teamsTeams togetherTeam positionsShared explorationLock speedFull tech treeHidden civsTurbo modeCheats
Victory
Defeat
🇸🇪 Bohemians · Sweden
1243
+15
🇹🇷 Chinese · Türkiye
1224
+16
🇸🇪 Huns · Sweden
1221
+16
🇪🇸 Wu · Spain
1214
+16
🇹🇷 Celts · Türkiye
1275
-18
🇦🇷 Aztecs · Argentina
1211
-15
🇪🇸 Slavs · Spain
1199
-15
🇹🇷 Koreans · Türkiye
1198
-15
Andser99
11:47 Feudal Age
16:22 Castle Age
14:31 Horse Collar
14:39 Double-Bit Axe
18:45 Bow Saw
21:21 Gold Mining
23:16 Loom
29:02 Imperial Age
27:31 Wheelbarrow
27:05 Stone Mining
27:19 Heavy Plow
30:43 Bloodlines
29:59 Heavy Hei Guang Cavalry
33:48 Scale Barding Armor
35:02 Light Cavalry
41:10 Hand Cart
44:18 Chain Barding Armor
45:17 Town Watch
46:08 Plate Barding Armor
46:32 Husbandry
47:52 Forging
48:46 Caravan
50:22 Hussar
EarthquakE
0:33 Loom
10:30 Feudal Age
14:19 Castle Age
12:31 Double-Bit Axe
12:45 Horse Collar
22:34 Wheelbarrow
22:25 Bow Saw
23:07 Heavy Plow
25:56 Hand Cart
25:36 Stone Mining
27:56 Stone Shaft Mining
27:23 Gold Mining
28:41 Fletching
28:51 Padded Archer Armor
30:09 Gold Shaft Mining
29:47 Bodkin Arrow
32:33 Imperial Age
31:21 Ballistics
35:03 Conscription
34:38 Capped Ram
36:10 Bracer
36:26 Leather Archer Armor
41:03 Chemistry
40:34 Ring Archer Armor
41:08 Rocketry
41:31 Elite Chu Ko Nu
42:13 Siege Ram
42:14 Heavy Rocket Cart
43:56 Caravan
44:26 Coinage
47:48 Banking
53:37 Forging
53:27 Scale Mail Armor
The Outpost Man
12:31 Feudal Age
13:13 Double-Bit Axe
13:27 Gold Mining
16:34 Castle Age
14:44 Stone Mining
17:55 Wheelbarrow
17:06 Loom
17:37 Bow Saw
17:09 Horse Collar
19:02 Hand Cart
22:18 Heavy Plow
29:11 Marauders
29:24 Bloodlines
29:15 Husbandry
29:26 Forging
29:22 Scale Barding Armor
33:33 Imperial Age
33:20 Iron Casting
33:06 Chain Barding Armor
35:58 Elite Tarkan
37:06 Thumb Ring
36:53 Fletching
37:03 Padded Archer Armor
37:52 Parthian Tactics
37:23 Heavy Cavalry Archer
39:09 Chemistry
38:30 Ballistics
40:01 Bodkin Arrow
40:25 Leather Archer Armor
41:12 Bracer
42:54 Light Cavalry
45:51 Hussar
47:34 Blast Furnace
47:10 Plate Barding Armor
scarabe
10:50 Feudal Age
15:28 Castle Age
13:16 Double-Bit Axe
16:47 Loom
18:23 Fervor
18:53 Bow Saw
19:51 Town Watch
28:56 Chemistry
28:16 Forging
27:56 Light Cavalry
35:46 Imperial Age
34:30 Wheelbarrow
35:34 Padded Archer Armor
35:27 Fletching
39:03 Leather Archer Armor
Nuhro
11:14 Feudal Age
14:59 Castle Age
13:58 Gold Mining
14:37 Loom
17:30 Double-Bit Axe
18:43 Bow Saw
26:26 Horse Collar
29:08 Heavy Plow
29:46 Wheelbarrow
32:10 Stone Mining
36:00 Imperial Age
35:03 Stone Shaft Mining
35:06 Gold Shaft Mining
36:27 Masonry
37:57 Scale Mail Armor
38:19 Fletching
40:10 Elite Skirmisher
40:51 Bodkin Arrow
41:30 Conscription
41:38 Bracer
43:01 Ballistics
44:02 Two-Man Saw
43:47 Thumb Ring
43:50 Squires
44:15 Fortified Wall
44:42 Pikeman
45:49 Hand Cart
45:55 Chain Mail Armor
53:08 Halberdier
PALITOMAN
10:42 Feudal Age
12:14 Double-Bit Axe
16:34 Castle Age
19:34 Bow Saw
29:23 Horse Collar
32:41 Imperial Age
30:00 Loom
30:51 Wheelbarrow
32:41 Ballistics
32:52 Ballistics
33:39 Fortified Wall
35:11 Detinets
35:08 Heavy Scorpion
37:25 Chemistry
38:40 Forging
38:36 Scale Barding Armor
40:12 Iron Casting
40:28 Chain Barding Armor
40:20 Bloodlines
40:11 Husbandry
42:44 Blast Furnace
42:33 Gold Mining
43:21 Plate Barding Armor
43:27 Light Cavalry
44:29 Heavy Plow
44:45 Hussar
48:30 Fletching
ELTRAVERO
10:44 Feudal Age
11:53 Double-Bit Axe
12:31 Loom
15:14 Castle Age
14:17 Town Watch
14:35 Gold Mining
14:37 Horse Collar
16:44 Gold Shaft Mining
16:40 Redemption
17:34 Fervor
18:34 Sanctity
23:18 Devotion
24:48 Atonement
25:38 Herbal Medicine
26:17 Scale Mail Armor
26:27 Forging
27:14 Wheelbarrow
26:40 Loom
27:34 Squires
32:11 Imperial Age
29:30 Pikeman
32:28 Chain Mail Armor
33:03 Iron Casting
33:43 Stone Mining
34:14 Block Printing
34:26 Illumination
37:31 Plate Mail Armor
38:03 Blast Furnace
38:13 Arson
39:23 Conscription
41:21 Chemistry
40:42 Ballistics
41:29 Town Patrol
41:44 Hand Cart
43:05 Fletching
43:16 Padded Archer Armor
43:45 Atlatl
44:01 Elite Skirmisher
45:45 Leather Archer Armor
45:26 Bodkin Arrow
48:18 Treadmill Crane
HasNicktir
10:40 Feudal Age
14:12 Castle Age
12:37 Double-Bit Axe
12:34 Horse Collar
20:04 Wheelbarrow
20:09 Bow Saw
20:56 Heavy Plow
21:31 Gold Mining
21:31 Stone Mining
22:32 Loom
23:47 Hand Cart
27:38 Imperial Age
26:48 Gold Shaft Mining
26:03 Stone Mining
28:03 Capped Ram
30:44 Chemistry
30:04 Ballistics
31:58 Heavy Scorpion
35:10 Siege Engineers
36:54 Stronghold
42:00 Onager
43:11 Furor Celtica
44:45 Pikeman
45:47 Forging
45:38 Scale Mail Armor
46:54 Halberdier
48:24 Conscription
Connection lost

Rejoining the realm…

Still unreachable

The connection could not be restored.

Session expired

The server has moved on; the page needs a fresh start.